 Dungeon Crawl Stone Soup version 0.28-a0-1387-g3a22ab9bdc (webtiles) character file.

Game seed: 4604871824946018199

3584 lunkers the Fighter (level 9, -13/90 HPs)
             Began as a Minotaur Cinder Acolyte on Jan 2, 2022.
             Was a High Priest of Ignis.
             Mangled by a two-headed ogre (16 damage)
             ... on level 9 of the Dungeon.
             The game lasted 00:09:15 (8173 turns).

lunkers the Fighter (Minotaur Cinder Acolyte)       Turns: 8173, Time: 00:09:15

Health: -13/90     AC:  8    Str: 27    XL:     9   Next: 85%
Magic:  9/9        EV: 11    Int: 11    God:    Ignis [*****.]
Gold:   510        SH:  8    Dex:  5    Spells: 10/10 levels left

rFire   + + .      SeeInvis .   a - +8 spear "Jatrui" {vorpal, Str+3}
rCold   + + .      Faith    .   K - +2 kite shield
rNeg    . . .      Spirit   .   j - +1 scale mail
rPois   .          Reflect  .   (helmet restricted)
rElec   .          Harm     .   I - scarf {rC+ rF+}
rCorr   .          Rampage  .   h - +0 pair of gloves
Will    .....                   (no boots)
Stlth   ..........              (no amulet)
HPRegen 0.25/turn               d - +4 ring of evasion
MPRegen 0.11/turn               z - ring of protection from cold

@: no status effects
A: horns 2, retaliatory headbutt
a: Renounce Religion, Fiery Armour, Foxfire Swarm, Rising Flame


You were on level 9 of the Dungeon.
You worshipped Ignis.
Ignis was extremely pleased with you.
You visited 1 branch of the dungeon, and saw 9 of its levels.

You collected 510 gold pieces.

Inventory:

Hand Weapons
 a - the +8 spear "Jatrui" (weapon) {vorpal, Str+3}
   (You took it off a goblin on level 3 of the Dungeon)

   It inflicts extra damage upon your enemies.
   Str:       It affects your strength (+3).
 g - a -1 hand axe of flaming
 o - a +0 morningstar
 p - a +2 vorpal hand axe
 q - a +1 flail of venom
 s - a +2 whip of electrocution
 v - a +2 dire flail of draining
 G - a +1 halberd of protection
 N - a +1 vorpal war axe
Missiles
 i - 28 poisoned darts (quivered)
 t - 5 silver javelins
 u - 7 boomerangs
 y - 144 stones
 B - 4 atropa-tipped darts
 H - 4 datura-tipped darts
 J - 3 throwing nets
Armour
 h - a +0 pair of gloves (worn)
 j - a +1 scale mail (worn)
 x - a +0 chain mail
 E - +0 steam dragon scales
 I - a scarf of resistance (worn)
 K - a +2 kite shield (worn)
Jewellery
 d - a +4 ring of evasion (left hand)
 z - a ring of protection from cold (right hand)
 F - a +6 ring of intelligence
Wands
 b - a wand of acid (1)
 k - a wand of flame (36)
 M - a wand of iceblast (11)
Scrolls
 e - 2 scrolls of enchant armour
 f - 4 scrolls of teleportation
 l - 2 scrolls of blinking
 C - 4 scrolls of fog
 D - 2 scrolls of magic mapping
 L - a scroll of noise {unknown}
Potions
 c - 7 potions of curing
 m - 5 potions of attraction
 n - 3 potions of flight
 r - a potion of ambrosia {unknown}
 w - 2 potions of lignification
 A - 2 potions of berserk rage


   Skills:
 + Level 11.9 Fighting
 - Level 4.6(8.7) Axes
 - Level 3.4(4.5) Maces & Flails
 + Level 10.8(11.2) Polearms
 + Level 2.0 Armour
 + Level 2.7 Shields
 - Level 1.0 Spellcasting
 - Level 2.1 Fire Magic


You had 10 spell levels left.
You didn't know any spells.
Your spell library contained the following spells:

 Spells                   Type           Power      Damage    Failure   Level
 Scorch                   Fire           10%        2d5       91%         2
 Animate Skeleton         Necr           0%         N/A       98%         1
 Pain                     Necr           0%         1d4       98%         1
 Slow                     Hex            0%         N/A       98%         1
 Summon Small Mammal      Summ           0%         N/A       98%         1
 Call Canine Familiar     Summ           0%         N/A       100%        3
 Confusing Touch          Hex            0%         N/A       100%        3
 Summon Guardian Golem    Hex/Summ       0%         N/A       100%        3
 Vampiric Draining        Necr           0%         2d6       100%        3


Dungeon Overview and Level Annotations

Branches:
Dungeon (9/15)             Temple (0/1) D:4
   Lair: D:8-11         Orc: D:9-12

Altars:
Ashenzari
Cheibriados
Fedhas
Kikubaaqudgha
Okawaru
The Shining One

Shops:
D:1 *?[[?

Annotations:
D:6 exclusion: oklob plant


Innate Abilities, Weirdness & Mutations

You have a pair of horns on your head.
You reflexively headbutt those who attack you in melee.


Message History

The two-headed ogre is lightly wounded.
You hit the two-headed ogre.
You headbutt the two-headed ogre, but do no damage.
The two-headed ogre is moderately wounded.
The two-headed ogre closely misses you.
The two-headed ogre hits you with a +0 giant club!
You puncture the two-headed ogre!
Your headbutt misses the two-headed ogre.
The two-headed ogre is heavily wounded.
You hit the two-headed ogre.
Your headbutt misses the two-headed ogre.
The two-headed ogre is heavily wounded.
The two-headed ogre hits you with a +0 giant spiked club!!
The two-headed ogre hits you with a +0 giant club!
* * * LOW HITPOINT WARNING * * *
Reach: a) +8 spear "Jatrui" {vorpal, Str+3}
Press: ? - help, Dir - move target, f/p - two-headed ogre
Aim: a two-headed ogre, wielding a +0 giant spiked club and a +0 giant club (heavily wounded, about 18% to evade the +8 spear "Jatrui")
You hit the two-headed ogre.
Your headbutt misses the two-headed ogre.
The two-headed ogre is severely wounded.
Unknown command.
Reach: a) +8 spear "Jatrui" {vorpal, Str+3}
Press: ? - help, Dir - move target, f/p - two-headed ogre
Aim: a two-headed ogre, wielding a +0 giant spiked club and a +0 giant club (severely wounded, about 18% to evade the +8 spear "Jatrui")
You hit the two-headed ogre.
The two-headed ogre is severely wounded.
The two-headed ogre hits you with a +0 giant spiked club!!
* * * LOW HITPOINT WARNING * * *
You block the two-headed ogre's attack.
Reach: a) +8 spear "Jatrui" {vorpal, Str+3}
Press: ? - help, Dir - move target, f/p - two-headed ogre
Aim: a two-headed ogre, wielding a +0 giant spiked club and a +0 giant club (severely wounded, about 18% to evade the +8 spear "Jatrui")
You hit the two-headed ogre.
Your headbutt misses the two-headed ogre.
The two-headed ogre is almost dead.
The two-headed ogre hits you with a +0 giant spiked club!!
* * * LOW HITPOINT WARNING * * *
The two-headed ogre hits you with a +0 giant club!
You die...

#.........####
#....#####...#
#.#..# #...#
#.#..# #...#
#....# #...#
#...## #.#####
#...# .....
#.#.#......
#..@O......
#...#######
#.... #.##..
#. ... #. ..##
#. ... )..#


You could see a two-headed ogre.

Vanquished Creatures
  Harold (D:7)
  2 steam dragons
  Menkaure (D:7)
  An acid dragon (D:8)
  2 orc warriors
  2 sky beasts
  2 ice beasts
  A black bear (D:4)
  2 centaurs (D:6)
  2 ogres (D:5)
  2 phantoms
  A bullfrog (D:7)
  A scorpion (D:5)
  4 wights (D:8)
  2 howler monkeys (D:7)
  A centaur zombie (D:9)
  A bullfrog zombie (D:6)
  6 orc priests
  A bullfrog skeleton (D:7)
  3 jellies
  A gnoll shaman (D:8)
  A hound (D:6)
  3 centaur skeletons
  2 iguanas
  Natasha (thrice) (D:4)
  An orc wizard (D:8)
  A hound zombie (D:5)
  A mummy (D:5)
  A howler monkey zombie (D:9)
  8 gnolls
  6 adders
  2 howler monkey skeletons (D:7)
  2 shadow imps
  2 worms
  4 dart slugs
  30 orcs
  6 endoplasms
  4 giant cockroaches
  14 hobgoblins
  4 jackals (D:2)
  4 kobolds (D:1)
  2 quokkas
  11 ball pythons
  6 bats
  5 frilled lizards
  9 goblins
  4 rats
175 creatures vanquished.

Notes
Turn   | Place    | Note
-------+----------+-------------------------------------------
     0 | D:1      | lunkers the Minotaur Cinder Acolyte began the quest for the
                  | Orb.
     0 | D:1      | Reached XP level 1. HP: 19/19 MP: 1/1
    26 | D:1      | Found a faded altar of an unknown god.
   280 | D:1      | Reached XP level 2. HP: 24/27 MP: 2/2
   378 | D:1      | Found Atanyal's Antique Armour Shoppe.
   388 | D:1      | Reached skill level 4 in Fighting
   496 | D:1      | Learned a level 2 spell: Scorch
   619 | D:1      | Found Onematt's Magic Scroll Boutique.
   715 | D:1      | Found Dalatod's Armour Boutique.
   761 | D:1      | Found Ujegydei's Magic Scroll Boutique.
  1048 | D:1      | Found Soajaist's Assorted Antiques.
  1054 | D:1      | Reached XP level 3. HP: 31/33 MP: 3/3
  1313 | D:2      | Reached skill level 1 in Maces & Flails
  1702 | D:2      | Reached XP level 4. HP: 41/41 MP: 4/4
  2617 | D:3      | Found a glowing golden altar of the Shining One.
  2743 | D:3      | Identified the +8 spear "Jatrui" {vorpal, Str+3}
  3089 | D:4      | Reached skill level 5 in Fighting
  3089 | D:4      | Reached XP level 5. HP: 47/48 MP: 5/5
  3106 | D:4      | Found a staircase to the Ecumenical Temple.
  3107 | D:4      | Noticed Natasha
  3115 | D:4      | Killed Natasha
  3116 | D:4      | Reached skill level 1 in Polearms
  3129 | D:4      | Noticed Natasha
  3134 | D:4      | Killed Natasha
  3142 | D:4      | Noticed Natasha
  3149 | D:4      | Killed Natasha
  3274 | D:4      | Noticed an orc warrior
  3281 | D:4      | Killed an orc warrior
  3282 | D:4      | Reached skill level 6 in Fighting
  3282 | D:4      | Reached XP level 6. HP: 40/57 MP: 6/6
  4055 | D:5      | Entered Level 5 of the Dungeon
  4080 | D:5      | Noticed an ice beast
  4087 | D:5      | Killed an ice beast
  4103 | D:5      | Reached XP level 7. HP: 64/64 MP: 7/7
  4128 | D:5      | Found a snail-covered altar of Cheibriados.
  4234 | D:5      | Found an ancient bone altar of Kikubaaqudgha.
  4276 | D:5      | Reached skill level 7 in Fighting
  4276 | D:5      | Reached skill level 5 in Polearms
  4714 | D:5      | Found a broken altar of Ashenzari.
  4994 | D:5      | Reached skill level 8 in Fighting
  5167 | D:5      | Reached XP level 8. HP: 71/75 MP: 8/8
  5438 | D:6      | Reached skill level 9 in Fighting
  5940 | D:6      | Found a blossoming altar of Fedhas.
  5964 | D:6      | Noticed an oklob plant
  6420 | D:7      | Noticed Menkaure
  6425 | D:7      | Killed Menkaure
  6426 | D:7      | Reached skill level 10 in Fighting
  6648 | D:7      | Noticed Harold
  6669 | D:7      | Reached XP level 9. HP: 52/86 MP: 9/9
  6685 | D:7      | Killed Harold
  6686 | D:7      | Reached skill level 11 in Fighting
  6686 | D:7      | Reached skill level 10 in Polearms
  7147 | D:8      | Reached skill level 1 in Shields
  7577 | D:8      | Reached skill level 1 in Armour
  7714 | D:8      | Found an iron altar of Okawaru.
  8166 | D:9      | Noticed a two-headed ogre
  8173 | D:9      | HP: 3/90 [two-headed ogre (23)]
  8173 | D:9      | Mangled by a two-headed ogre

Illustrated notes

Levels and vault maps discovered:
D:1:      amcnicky_arrival_underground_garden, layout_rooms,
          basic_ecumenical_altar, serial_shops, nicolae_shop_trees, shop,
          nicolae_shop_advertising_works [nicolae_subvault_shop_adworks],
          nicolae_shop_stone, shop_statue
D:2:      minmay_general_purpose_star, layout_rooms, hangedman_glass_teeth,
          st_stairs_1, kennysheep_doodads
D:3:      layout_basic, tso_altar, minmay_fractal_squares_diagonal_5
D:4:      layout_basic, minmay_temple_entry_waves, uniq_natasha
D:5:      layout_gridville, slow_altar_1, mainiacjoe_overflow_chevrons,
          lemuel_tele_altar
D:6:      layout_cave_pools, tgw_fedhas, dk_noncrumbling_2
D:7:      layout_rooms, uniq_menkaure, uniq_harold
D:8:      layout_basic, okawaru_altar_gauntlet_db, enter_ossuary_1
D:9:      layout_stronghold, enter_bailey_2, minivault_25,
          kennysheep_generic_room_16, uniq_erica

Skill      XL: |  1  2  3  4  5  6  7  8  9 |
---------------+----------------------------+-----
Axes           | 4 |  4.6
Fighting       | 4 5 6 8 10 11 | 11.9
Maces & Flails | 2 3 |  3.4
Polearms       | 3 4 6 9 10 | 10.8
Shields        | 2 |  2.7
Armour         | 2 |  2.0
Spellcasting   | |  1.0
Fire Magic     | |  2.1

Action                   |  1- 3 |  4- 6 |  7- 9 || total
-------------------------+-------+-------+-------++-------
Melee: Hand axe          |    48 |       |       ||    48
       Headbutt          |     8 |     7 |    24 ||    39
       Whip              |    56 |    55 |       ||   111
       Spear             |       |    37 |   233 ||   270
Throw: Dart              |       |    18 |    35 ||    53
 Cast: Scorch            |     2 |       |       ||     2
Evoke: Wand              |       |       |     4 ||     4
  Use: Scroll            |       |    12 |     5 ||    17
Armor: Robe              |    14 |       |       ||    14
       Scale mail        |    21 |    22 |    21 ||    64
       Chain mail        |       |       |    14 ||    14
       Steam dragon scal |       |       |    14 ||    14
Dodge: Dodged            |    60 |    26 |    88 ||   174
Block: Kite shield       |       |       |    24 ||    24

Table legend: (Time is in decaauts)
 A = Elapsed time spent in this place.
 B = Non-inter-level travel time spent in this place.
 C = Inter-level travel time spent in this place.
 D = Time resting spent in this place.
 E = Time spent auto-exploring this place.
 F = Levels seen in this place.
 G = Mean time per level.
                   A        B        C        D        E       F      G
               +--------+--------+--------+--------+--------+-----+--------+
         Total |   8114 |   7767 |    347 |      0 |   6609 |   9 |  901.6 |
       Dungeon |   8114 |   7767 |    347 |      0 |   6609 |   9 |  901.6 |
               +--------+--------+--------+--------+--------+-----+--------+

Top non-repeatable levels by time:
     D:1: 1301 daAuts
     D:5: 1264 daAuts
     D:6: 1030 daAuts
     D:3: 1025 daAuts
     D:8: 1003 daAuts
     D:4: 995 daAuts
     D:2: 731 daAuts
     D:7: 703 daAuts
     D:9: 60 daAuts
